 Dungeon Sprint DCSS version bcrawl-1.20.1-3-gdcb1fc31ed (webtiles) character file.

Game seed: 12561799149072454826

39250 Freyura the Bludgeoner (level 14, -11/104 HPs)
             Began as a Gargoyle Fighter on Jan 27, 2020.
             Was the Champion of the Shining One.
             Killed from afar by a frost giant (36 damage)
             ... with a bolt of cold
             ... in the Dungeon (Sprint IX: "|||||||||||||||||||||||||||||") on Jan 28, 2020.
             The game lasted 00:15:58 (3331 turns).

Freyura the Bludgeoner (Gargoyle Fighter)           Turns: 3331, Time: 00:15:59

Health: -11/104    AC: 44    Str: 25    XL:     14   Next: 5%
Magic:  14/22      EV: 13    Int:  8    God:    the Shining One [******]
Gold:   1920       SH: 25    Dex: 13    Spells: 13/13 levels left

rFire    . . .     SeeInvis .   n - +4 morningstar (freeze)
rCold    . . .     Gourm    .   c - +0 shield
rNeg     + + +     Faith    .   F - +2 plate armour
rPois    ∞         Spirit   .   x - +2 helmet
rElec    +         Reflect  .   E - +1 cloak
rCorr    .         Harm     .   o - +2 pair of gloves
MR       +....     NoTele   +   w - +1 pair of boots
Stlth    ..........             (no amulet)
HPRegen  0.27/turn              q - +2 ring of protection
MPRegen  0.18/turn              r - +3 ring of strength

@: divine shield, glowing
A: big wings, negative energy resistance 1, electricity resistance, unbreathing,
petrification resistance, rot immunity, AC +10
a: Fly, Divine Shield, Cleansing Flame, Summon Divine Warrior, Brand Weapon With
Holy Wrath, Renounce Religion


You were in the Dungeon.
You worshipped the Shining One.
The Shining One was exalted by your worship.
You were hungry.

You visited 1 branch You collected 1920 gold pieces.

Inventory:

Hand Weapons
 b - a +3 great mace of protection
 n - a +4 morningstar of freezing (weapon)
Armour
 c - a +0 shield (worn)
 o - a +2 pair of gloves (worn)
 w - a +1 pair of boots (worn)
 x - a +2 helmet (worn)
 E - a +1 cloak (worn)
 F - a +2 plate armour (worn)
Jewellery
 q - a +2 ring of protection (left hand)
 r - a +3 ring of strength (right hand)
Wands
 m - a wand of acid (7)
 u - a wand of polymorph (12)
Scrolls
 j - 3 scrolls of remove curse
 k - 5 scrolls of blinking
 l - 2 scrolls of amnesia
 s - 2 scrolls of identify
 v - a scroll of immolation
 y - 2 scrolls of enchant weapon
Potions
 a - 3 potions of mutation
 f - 7 potions of curing
 g - 4 potions of heal wounds
 h - 2 potions of haste
 i - 4 potions of magic
 p - a potion of might
 t - a potion of brilliance
Comestibles
 e - 10 rations {!d}


   Skills:
 + Level 18.2 Fighting
 + Level 19.3 Maces & Flails
 + Level 15.6 Armour
 + Level 10.8 Dodging
 - Level 2.0 Stealth
 + Level 16.9 Shields
 + Level 11.5 Invocations


You had 13 spell levels left.
You didn't know any spells.
Your spell library was empty.

Dungeon Overview and Level Annotations

Branches:
Dungeon (1/1)

Altars:
Cheibriados
Dithmenos
Elyvilon
Fedhas
Gozag
Hepliaklqana
Kikubaaqudgha
Lugonu
Makhleb
Nemelex Xobeh
Okawaru
Qazlal
Ru
Sif Muna
Trog
Uskayaw
Vehumet
Wu Jian
Xom
Yredelemnul
Zin
The Shining One
Beogh
Jiyva

Shops:
D ?%([


Innate Abilities, Weirdness & Mutations

You are resistant to torment.
Your stone body is resilient. (AC +10)
You are immune to poison.
Your large and strong wings let you fly indefinitely.
You resist negative energy. (rN+)
You are resistant to electric shocks. (rElec)
You can survive without breathing.
You are immune to petrification.
You are immune to rotting.


Message History

You are too injured to fight recklessly!
You are too injured to fight recklessly!
You are too injured to fight recklessly!
You are too injured to fight recklessly!
You are too injured to fight recklessly!
You are too injured to fight recklessly!
You are too injured to fight recklessly!
You are too injured to fight recklessly!
You are too injured to fight recklessly!
You are too injured to fight recklessly!
You are too injured to fight recklessly!
You are too injured to fight recklessly!
You are too injured to fight recklessly!
You are too injured to fight recklessly!
You are momentarily dazzled by a brilliant light.
You are feeling hungry.
The frost giant points at you and mumbles some strange words.
The bolt of cold hits the frost giant.
The frost giant resists.
The bolt of cold hits you!
You die...

...[[[..[[[.))))..))...=.'.......
▓▓▓▓▓▓▓▓▓▓▓▓▓▓▓▓▓▓▓▓▓▓▓▓▓▓▓▓▓▓▓▓▓
.................................
▓▓▓▓▓▓▓▓▓▓♣♣♣♣♣♣♣♣♣♣▓▓▓▓▓▓▓▓▓▓▓▓▓
.....))))'.......††'.............
▓▓▓▓▓▓▓▓▓▓♣♣♣♣♣♣♣♣♣♣▓▓▓▓▓▓▓▓▓▓▓▓▓
............)....................
▓▓▓▓▓▓▓▓▓▓▓▓▓▓▓▓▓▓▓▓▓▓▓▓▓▓▓▓▓▓▓▓▓
yuHiCCC@'A..............
▓▓▓▓▓▓▓▓▓▓▓▓▓▓▓▓▓▓▓▓▓▓▓▓


You could see 3 frost giants, a brown very ugly thing, a sphinx, a spark wasp, a
spriggan berserker and a friendly daeva.

Vanquished Creatures
  Rupert (D)
  Agnes (D)
  A nagaraja (D)
  An emperor scorpion (D)
  A stone giant (D)
  An entropy weaver (D)
  An ettin (D)
  A merfolk javelineer (D)
  Snorg (D)
  A merfolk impaler (D)
  A rakshasa (D)
  A great orb of eyes (D)
  A hydra (D)
  A merfolk aquamancer (D)
  2 two-headed ogres (D)
  A centaur warrior (D)
  A deep troll earth mage (D)
  An orc high priest (D)
  2 shock serpents (D)
  Nergalle (D)
  A salamander mystic (D)
  Sonja (D)
  A fire crab (shapeshifter) (D)
  A swamp dragon (D)
  3 lindwurms (D)
  A harpy (D)
  An orb spider (D)
  4 ugly things (D)
  A wolf spider (D)
  A mana viper (D)
  4 orc sorcerers (D)
  2 manticores (D)
  A merfolk siren (D)
  A water nymph (D)
  2 naga magi (D)
  A torpor snail (D)
  An efreet (D)
  A demonic crawler (D)
  A merfolk (D)
  A polar bear (D)
  2 tyrant leeches (D)
  2 jumping spiders (D)
  A blink frog (D)
  4 hippogriffs (D)
  A redback (D)
  A tarantella (D)
  A wyvern (D)
  A yak (D)
  Grum (D)
  A basilisk (D)
  A hungry ghost (D)
  A steam dragon (D)
  A vampire mosquito (D)
  A water moccasin (D)
  A naga (D)
  4 crocodiles (D)
  2 porcupines (D)
  A swamp drake (D)
  4 ice beasts (D)
  9 orc warriors (D)
  A wolf (D)
  A phantom (D)
  A bullfrog (D)
  2 crimson imps (D)
  8 orc priests (D)
  11 orc wizards (D)
  A worker ant (D)
  A worker ant zombie (D)
  3 worms (D)
  A leopard gecko (D)
  7 orcs (D)
  A bat (D)
  A bat zombie (D)
  2 giant cockroaches (D)
  2 hobgoblins (D)
  A kobold (D)
136 creatures vanquished.

Vanquished Creatures (collateral kills)
  A fire giant (D)
  A yaktaur captain (D)
  A hydra (D)
  A shambling mangrove (D)
  A vampire mage (D)
  2 cane toads (D)
  A bog body (D)
  A vampire mosquito (D)
  A swamp drake (D)
  A crimson imp (D)
11 creatures vanquished.

Grand Total: 147 creatures vanquished

Notes
Turn   | Place    | Note
-------+----------+-------------------------------------------
     0 | D        | Freyura the Gargoyle Fighter began the quest for the Orb.
     0 | D        | Reached XP level 1. HP: 14/14 MP: 1/1
    19 | D        | Noticed an ice beast
    19 | D        | Noticed an ice beast
    24 | D        | Killed an ice beast
    24 | D        | Reached skill level 3 in Maces & Flails
    24 | D        | Reached XP level 2. HP: 22/22 MP: 2/2
    24 | D        | Reached XP level 3. HP: 27/27 MP: 3/3
    24 | D        | Reached XP level 4. HP: 32/32 MP: 4/4
    37 | D        | Killed an ice beast
    37 | D        | Reached skill level 4 in Maces & Flails
    37 | D        | Reached XP level 5. HP: 38/38 MP: 5/5
    47 | D        | Found a roughly hewn altar of Beogh.
    47 | D        | Found a snail-covered altar of Cheibriados.
    47 | D        | Found a shadowy altar of Dithmenos.
    47 | D        | Found a white marble altar of Elyvilon.
    47 | D        | Found a blossoming altar of Fedhas.
    47 | D        | Found an opulent altar of Gozag.
    48 | D        | Found a hazy altar of Hepliaklqana.
    49 | D        | Found a viscous altar of Jiyva.
    50 | D        | Found an ancient bone altar of Kikubaaqudgha.
    51 | D        | Found a corrupted altar of Lugonu.
    52 | D        | Found a burning altar of Makhleb.
    53 | D        | Found a sparkling altar of Nemelex Xobeh.
    54 | D        | Found an iron altar of Okawaru.
    55 | D        | Found a stormy altar of Qazlal.
    56 | D        | Found a sacrificial altar of Ru.
    57 | D        | Found a shimmering blue altar of Sif Muna.
    58 | D        | Found a bloodstained altar of Trog.
    59 | D        | Found a hide-covered altar of Uskayaw.
    60 | D        | Found a radiant altar of Vehumet.
    61 | D        | Found an ornate altar of the Wu Jian Council.
    62 | D        | Found a shimmering altar of Xom.
    63 | D        | Found a basalt altar of Yredelemnul.
    64 | D        | Found a glowing silver altar of Zin.
    65 | D        | Found a glowing golden altar of the Shining One.
    76 | D        | Became a worshipper of the Shining One
   115 | D        | Noticed an ice beast
   115 | D        | Noticed a two-headed ogre
   115 | D        | Noticed a phantom
   115 | D        | Reached * piety under the Shining One
   115 | D        | Noticed a green ugly thing
   115 | D        | Noticed a bullfrog
   115 | D        | Reached ** piety under the Shining One
   118 | D        | Killed a bullfrog
   118 | D        | Reached skill level 5 in Maces & Flails
   118 | D        | Reached XP level 6. HP: 44/44 MP: 6/6
   123 | D        | Killed a green ugly thing
   123 | D        | Reached skill level 7 in Maces & Flails
   123 | D        | Reached skill level 1 in Dodging
   123 | D        | Reached XP level 7. HP: 36/52 MP: 7/7
   125 | D        | Killed a two-headed ogre
   125 | D        | Reached skill level 9 in Maces & Flails
   125 | D        | Reached skill level 10 in Armour
   125 | D        | Reached skill level 10 in Shields
   125 | D        | Reached XP level 8. HP: 42/60 MP: 8/8
   200 | D        | Reached *** piety under the Shining One
   200 | D        | Noticed a two-headed ogre
   200 | D        | Reached **** piety under the Shining One
   200 | D        | Noticed a hippogriff
   204 | D        | Killed a hippogriff
   204 | D        | Reached skill level 10 in Maces & Flails
   204 | D        | Reached XP level 9. HP: 59/64 MP: 9/9
   216 | D        | Killed a two-headed ogre
   216 | D        | Reached skill level 11 in Maces & Flails
   427 | D        | Noticed a torpor snail
   427 | D        | Reached ***** piety under the Shining One
   429 | D        | Reached skill level 12 in Maces & Flails
   442 | D        | Reached XP level 10. HP: 53/72 MP: 10/10
   446 | D        | Killed a torpor snail
   450 | D        | Reached skill level 13 in Maces & Flails
   646 | D        | Noticed an eight-headed hydra
   660 | D        | Killed an eight-headed hydra
   660 | D        | Reached skill level 14 in Maces & Flails
   784 | D        | Reached ****** piety under the Shining One
   784 | D        | Noticed a lindwurm
   798 | D        | Killed a lindwurm
   798 | D        | Reached skill level 15 in Maces & Flails
   798 | D        | Reached skill level 5 in Dodging
   798 | D        | Reached XP level 11. HP: 22/79 MP: 11/11
   800 | D        | HP: 1/79 [tyrant leech (22)]
   809 | D        | Noticed a lindwurm
   812 | D        | Noticed a lindwurm
   819 | D        | Killed a lindwurm
   823 | D        | Killed a lindwurm
   957 | D        | Upgraded the game from bcrawl-1.20.1 to
                  | bcrawl-1.20.1-3-gdcb1fc31ed
  1139 | D        | Noticed Grum
  1145 | D        | Killed Grum
  1490 | D        | Reached skill level 1 in Stealth
  1493 | D        | Reached skill level 16 in Maces & Flails
  1494 | D        | Noticed an orc high priest
  1515 | D        | Killed an orc high priest
  1515 | D        | Reached skill level 1 in Invocations
  1627 | D        | Found Ygilut's Armour Boutique.
  1627 | D        | Noticed an orc sorcerer
  1631 | D        | Noticed a soul eater
  1650 | D        | Killed an orc sorcerer
  1668 | D        | Found Xemuofue's Weapon Shop.
  1672 | D        | Found Famunwol's Food Boutique.
  1675 | D        | Found Ykadgh's Magic Scroll Shop.
  1677 | D        | Noticed an orc sorcerer
  1678 | D        | Noticed an orc sorcerer
  1680 | D        | Noticed an orc sorcerer
  1685 | D        | Killed an orc sorcerer
  1685 | D        | Reached skill level 15 in Fighting
  1688 | D        | Paralysed by an orc sorcerer for 2 turns
  1692 | D        | Killed an orc sorcerer
  1693 | D        | Paralysed by an orc sorcerer for 2 turns
  1696 | D        | Killed an orc sorcerer
  1696 | D        | Reached skill level 17 in Maces & Flails
  1905 | D        | Found the cursed +13 scythe of Curses {drain, *Curse}
  1913 | D        | Got the +7 whip "Nutaxad" {pain, *Slow Str+3 Int+2}
  1925 | D        | Got the cursed +1 chain mail "Waeraufusso" {Str+3 Int+3
                  | Slay-4}
  1985 | D        | Noticed a cyan ugly thing
  1995 | D        | Killed a cyan ugly thing
  2000 | D        | Noticed an ettin
  2008 | D        | Noticed a deep troll earth mage
  2011 | D        | Noticed a fire giant
  2013 | D        | Killed an ettin
  2013 | D        | Reached XP level 12. HP: 77/88 MP: 12/14
  2013 | D        | Noticed a yaktaur captain
  2014 | D        | Noticed a vampire mage
  2019 | D        | Killed a deep troll earth mage
  2028 | D        | Killed a fire giant
  2031 | D        | Killed a yaktaur captain
  2031 | D        | Reached skill level 5 in Invocations
  2041 | D        | Killed a vampire mage
  2166 | D        | Noticed a centaur warrior
  2177 | D        | Killed a centaur warrior
  2210 | D        | Noticed Rupert
  2224 | D        | Killed Rupert
  2376 | D        | Noticed Snorg
  2387 | D        | Killed Snorg
  2444 | D        | Noticed a shambling mangrove
  2447 | D        | Noticed a seven-headed hydra
  2462 | D        | Killed a shambling mangrove
  2462 | D        | Reached skill level 18 in Maces & Flails
  2464 | D        | Killed a seven-headed hydra
  2464 | D        | Reached skill level 15 in Shields
  2583 | D        | Noticed a merfolk impaler
  2583 | D        | Noticed a merfolk javelineer
  2594 | D        | Noticed a merfolk aquamancer
  2602 | D        | Killed a merfolk javelineer
  2602 | D        | Reached XP level 13. HP: 82/95 MP: 17/19
  2617 | D        | Killed a merfolk impaler
  2662 | D        | Noticed an entropy weaver
  2673 | D        | Noticed an emperor scorpion
  2688 | D        | Killed an entropy weaver
  2728 | D        | Killed an emperor scorpion
  2984 | D        | Noticed a nagaraja
  2984 | D        | Noticed a rakshasa
  2991 | D        | Reached skill level 10 in Invocations
  2998 | D        | Killed a rakshasa
  3012 | D        | Killed a nagaraja
  3012 | D        | Reached skill level 10 in Dodging
  3021 | D        | Reached skill level 15 in Armour
  3031 | D        | Reached skill level 19 in Maces & Flails
  3159 | D        | Noticed Agnes
  3170 | D        | Killed Agnes
  3215 | D        | Noticed Sonja
  3222 | D        | Killed Sonja
  3249 | D        | Noticed Nergalle
  3258 | D        | Killed Nergalle
  3299 | D        | Noticed a frost giant
  3299 | D        | Noticed a frost giant
  3299 | D        | Noticed a stone giant
  3299 | D        | Noticed a great orb of eyes
  3299 | D        | Paralysed by a great orb of eyes for 2 turns
  3301 | D        | Noticed a frost giant
  3304 | D        | Killed a great orb of eyes
  3317 | D        | Killed a stone giant
  3317 | D        | Gained mutation: Your large and strong wings let you fly
                  | indefinitely. [Gargoyle growth]
  3317 | D        | Reached XP level 14. HP: 104/104 MP: 20/22
  3324 | D        | Noticed a sphinx
  3329 | D        | Noticed a brown very ugly thing
  3331 | D        | Killed from afar by a frost giant

Skill      XL: |  1  2  3  4  5  6  7  8  9 10 11 12 13 |
---------------+----------------------------------------+-----
Fighting       | 6 7 9 11 12 13 15 16 18 | 18.2
Armour         | 6 7 8 9 10 11 12 13 15 | 15.6
Maces & Flails | 3 4 5 7 9 10 12 15 17 18 19 | 19.3
Shields        | 6 7 9 10 11 12 13 15 16 | 16.9
Dodging        | 1 2 3 5 6 8 10 | 10.8
Stealth        | 2 |  2.0
Invocations    | 3 8 11 | 11.5

Action                   |  1- 3 |  4- 6 |  7- 9 | 10-12 | 13-15 || total
-------------------------+-------+-------+-------+-------+-------++-------
Melee: Flail             |    13 |    16 |       |       |       ||    29
       Morningstar       |       |     7 |    44 |   263 |   176 ||   490
Invok: Divine Shield     |       |       |       |     3 |     4 ||     7
       Summon Divine War |       |       |       |     2 |     1 ||     3
Evoke: Wand              |       |       |       |     3 |       ||     3
  Use: Potion            |     1 |     1 |       |     5 |       ||     7
       Scroll            |       |       |     4 |     3 |       ||     7
  Eat: Chunk             |       |       |       |     3 |     3 ||     6
       Ration            |       |       |       |     1 |       ||     1
Armor: Scale mail        |     5 |     8 |    14 |     4 |       ||    31
       Steam dragon scal |       |       |       |    28 |       ||    28
       Chain mail        |       |       |       |    18 |       ||    18
       Plate armour      |       |       |       |    31 |    83 ||   114
Dodge: Dodged            |     3 |     8 |    16 |    51 |    41 ||   119
Block: Shield            |     5 |    17 |    23 |   109 |   139 ||   293
